AoeStats
← MZTK | KaLiuM

Arena

509788145Analyzed
4v4 RM · 4d ago on Sep 28, 2026· 58m 25s· 8 players
Game mode
Random Map
Map size
Large (8 player)
Population
200
Speed
Normal
Resources
Standard
Victory
Conquest
Starting age
Dark Age
Ending age
Imperial Age
RankedLock teamsTeams togetherTeam positionsShared explorationLock speedFull tech treeHidden civsTurbo modeCheats
Victory
Defeat
🇧🇷 Magyars · Brazil
1727
+9
🇲🇽 Malay · Mexico
1623
+13
🇧🇷 Portuguese · Brazil
1574
+15
🇧🇷 Slavs · Brazil
1461
+21
🇦🇷 Poles · Argentina
1567
-15
🇹🇼 Vietnamese · Taiwan
1566
-15
🇲🇽 Italians · Mexico
1558
-14
🇨🇴 Turks · Colombia
1550
-14
SimmaHem7912
2:33 Loom
9:49 Feudal Age
10:21 Loom
14:57 Castle Age
13:34 Double-Bit Axe
19:42 Wheelbarrow
24:04 Sanctity
26:04 Redemption
29:06 Bow Saw
32:27 Imperial Age
30:10 Town Watch
32:06 Fletching
34:58 Chemistry
35:12 Masonry
35:24 Ballistics
36:27 Conscription
36:35 Block Printing
36:43 Hand Cart
36:58 Bodkin Arrow
38:13 Bracer
38:14 Padded Archer Armor
39:40 Gold Mining
39:42 Stone Mining
40:45 Thumb Ring
40:01 Crossbowman
40:18 Capped Ram
41:06 Arbalester
42:14 Silk Road
43:32 Elite Skirmisher
44:49 Leather Archer Armor
46:03 Two-Man Saw
46:06 Ring Archer Armor
46:56 Hoardings
45:44 Elite Genoese Crossbowman
47:59 Pirotechnia
51:44 Architecture
51:25 Fortified Wall
51:01 Arrowslits
51:07 Imperial Skirmisher
53:43 Caravan
MZTK | KaLiuM
10:08 Feudal Age
10:28 Loom
14:27 Castle Age
12:49 Double-Bit Axe
13:41 Horse Collar
16:56 Bow Saw
21:20 Town Watch
21:36 Gold Mining
21:36 Stone Mining
22:19 Padded Archer Armor
24:57 Leather Archer Armor
25:19 Wheelbarrow
28:03 Hand Cart
28:28 Gold Shaft Mining
39:55 Imperial Age
37:53 Heavy Plow
41:50 Two-Man Saw
40:58 Elite Janissary
42:13 Conscription
44:02 Ring Archer Armor
43:23 Fletching
45:25 Bodkin Arrow
46:36 Ballistics
46:27 Masonry
47:48 Bracer
48:04 Artillery
49:38 Town Patrol
49:51 Bloodlines
49:41 Husbandry
53:34 Scale Barding Armor
53:40 Forging
56:12 Chain Barding Armor
56:27 Iron Casting
56:53 Thumb Ring
56:31 Treadmill Crane
Sunny Day
10:16 Feudal Age
14:22 Castle Age
12:39 Double-Bit Axe
14:13 Horse Collar
14:26 Gold Mining
17:19 Loom
25:25 Wheelbarrow
25:03 Bow Saw
30:31 Imperial Age
28:17 Hand Cart
27:47 Town Watch
28:18 Husbandry
28:28 Bloodlines
29:01 Bloodlines
28:11 Light Cavalry
29:27 Scale Barding Armor
29:32 Forging
30:15 Heavy Plow
30:34 Elite Battle Elephant
31:58 Chain Barding Armor
32:57 Iron Casting
33:36 Chemistry
33:19 Plate Barding Armor
34:40 Two-Man Saw
36:42 Chatras
38:31 Paper Money
39:38 Crop Rotation
40:34 Stone Mining
41:49 Fletching
41:59 Padded Archer Armor
42:59 Bodkin Arrow
42:27 Elite Skirmisher
43:40 Ballistics
43:37 Leather Archer Armor
44:17 Bracer
44:01 Treadmill Crane
44:32 Masonry
45:43 Ring Archer Armor
44:35 Imperial Skirmisher
47:32 Stone Shaft Mining
51:21 Pikeman
52:02 Squires
52:28 Scale Mail Armor
Ministro ChocoArroz
7:51 Loom
11:32 Feudal Age
15:27 Castle Age
13:48 Horse Collar
14:23 Double-Bit Axe
16:35 Bow Saw
17:22 Heavy Plow
22:15 Wheelbarrow
23:06 Gold Mining
23:06 Stone Mining
26:03 Hand Cart
29:14 Imperial Age
26:51 Scale Mail Armor
27:01 Forging
27:07 Scale Barding Armor
27:53 Stone Shaft Mining
27:40 Bloodlines
27:30 Husbandry
28:13 Scale Mail Armor
28:50 Iron Casting
28:39 Szlachta Privileges
29:35 Chain Barding Armor
29:37 Cavalier
31:19 Blast Furnace
30:56 Conscription
31:54 Crop Rotation
33:58 Elite Obuch
34:40 Scale Mail Armor
34:31 Fletching
37:10 Chain Mail Armor
36:43 Light Cavalry
38:02 Bodkin Arrow
38:39 Plate Mail Armor
38:27 Squires
38:12 Arson
39:24 Winged Hussar
41:19 Lechitic Legacy
46:24 Bodkin Arrow
46:55 Ballistics
47:35 Chemistry
GAX | ERV
9:42 Feudal Age
9:23 Double-Bit Axe
10:58 Fletching
11:40 Horse Collar
18:56 Castle Age
17:38 Padded Archer Armor
19:09 Wheelbarrow
17:55 Crossbowman
19:17 Bow Saw
21:39 Gold Mining
23:04 Gold Shaft Mining
25:27 Loom
26:08 Bodkin Arrow
26:23 Thumb Ring
33:23 Imperial Age
32:21 Arbalester
33:31 Hand Cart
34:50 Bracer
35:52 Leather Archer Armor
36:41 Ballistics
37:22 Chemistry
38:45 Heavy Plow
39:47 Ring Archer Armor
38:58 Elite Skirmisher
44:08 Masonry
56:37 Conscription
GAX | toooasty
10:48 Feudal Age
14:27 Castle Age
13:05 Double-Bit Axe
13:50 Horse Collar
15:24 Bow Saw
15:19 Loom
24:46 Wheelbarrow
27:24 Imperial Age
36:15 Block Printing
37:56 Pikeman
38:37 Scale Mail Armor
39:28 Squires
40:54 Heavy Plow
41:33 Sanctity
41:28 Redemption
41:15 Halberdier
42:17 Chain Mail Armor
45:03 Plate Mail Armor
45:12 Illumination
45:37 Druzhina
45:58 Conscription
46:34 Forging
46:29 Capped Ram
48:50 Hand Cart
49:45 Scale Barding Armor
51:12 Siege Ram
52:40 Iron Casting
52:08 Light Cavalry
52:58 Bloodlines
52:48 Husbandry
56:05 Husbandry
58:24 Chain Barding Armor
59:20 Blast Furnace
58:14 Gold Mining
59:42 Two-Man Saw
GAX | Kareca
10:39 Feudal Age
14:35 Castle Age
12:52 Double-Bit Axe
14:09 Horse Collar
15:34 Bow Saw
22:17 Wheelbarrow
24:50 Loom
25:22 Hand Cart
25:14 Gold Mining
25:57 Atonement
28:53 Imperial Age
26:12 Town Watch
27:01 Pikeman
27:42 Scale Mail Armor
27:53 Forging
28:09 Heavy Plow
28:02 Stone Mining
28:23 Arson
28:57 Chain Mail Armor
29:38 Iron Casting
31:21 Chemistry
29:43 Halberdier
30:54 Plate Mail Armor
30:59 Ballistics
30:29 Guard Tower
31:42 Blast Furnace
30:33 Fletching
30:47 Padded Archer Armor
31:52 Two-Man Saw
31:17 Treadmill Crane
34:55 Conscription
35:33 Keep
34:55 Bodkin Arrow
35:16 Leather Archer Armor
41:34 Arquebus
42:51 Ring Archer Armor
47:54 Thumb Ring
49:38 Elite Skirmisher
50:19 Bracer
GAX | Huns N' Roses
10:07 Feudal Age
13:47 Castle Age
11:56 Double-Bit Axe
12:24 Horse Collar
18:48 Town Watch
18:48 Loom
23:03 Wheelbarrow
23:02 Bow Saw
25:11 Hand Cart
30:17 Imperial Age
28:01 Fletching
28:51 Bodkin Arrow
30:23 Ballistics
30:36 Gold Mining
30:36 Stone Mining
31:20 Bloodlines
31:10 Husbandry
31:33 Bracer
32:11 Conscription
32:00 Heavy Plow
33:54 Chemistry
34:29 Crop Rotation
35:25 Thumb Ring
35:01 Heavy Cavalry Archer
35:47 Padded Archer Armor
36:48 Parthian Tactics
36:42 Leather Archer Armor
37:18 Recurve Bow
36:54 Sappers
38:52 Corvinian Army
40:13 Coinage
42:36 Siege Engineers
42:39 Elite Magyar Huszar
46:54 Scale Barding Armor
47:21 Ring Archer Armor
47:38 Banking
48:15 Chain Barding Armor
50:34 Plate Barding Armor
56:28 Caravan
58:53 Two-Man Saw
58:31 Gold Shaft Mining
Connection lost

Rejoining the realm…

Still unreachable

The connection could not be restored.

Session expired

The server has moved on; the page needs a fresh start.